 Dungeon Crawl Stone Soup version 0.17-a0-1360-g37db002 (webtiles) character file.

1121 ololoev the Slasher (level 8, 0/58 HPs)
             Began as a Mummy Chaos Knight on June 10, 2015.
             Slain by a gnoll
             ... wielding a +0 spear
              (3 damage)
             ... on level 6 of the Dungeon on June 11, 2015.
             The game lasted 00:18:38 (7007 turns).

ololoev the Slasher (Mummy Chaos Knight)            Turns: 7007, Time: 00:18:39

Health: 0/58       AC: 12    Str: 17    XL:     8   Next: 12%
Magic:  8/8        EV:  9    Int: 11    God:    Xom [.*....]
Gold:   241        SH:  0    Dex: 12    Spells: 3 memorised, 2 levels left

rFire  x . .     SeeInvis .     j - +0 long sword
rCold  + . .     Clarity  .     l - +0 scale mail
rNeg   + + +     SustAt   .     (no shield)
rPois  ∞         Gourm    .     b - +1 helmet
rElec  .         Spirit   .     d - +2 cloak
rCorr  .         Warding  .     (no gloves)
rMut   .         Stasis   +     (no boots)
MR     +....                    e - amulet of stasis
Stlth  ..........               (no ring)
                                (no ring)

@: confused, somewhat resistant to hostile enchantments, extremely unstealthy
A: no food or potions, fire vulnerability, cold resistance 1, negative energy
resistance 3, torment resistance, unbreathing
a: Renounce Religion


Innate Abilities, Weirdness & Mutations

You do not eat or drink.
Your flesh is vulnerable to fire.
You are immune to poison.
Your flesh is cold resistant.
You are immune to negative energy.
You are immune to unholy pain and torment.
You can survive without breathing.

Inventory:

Hand weapons
 j - a +0 long sword (weapon)
Missiles
 k - 5 javelins (quivered)
Armour
 b - a +1 helmet (worn)
 d - a +2 cloak (worn)
 l - a +0 scale mail (worn)
Jewellery
 e - an amulet of stasis (around neck)
Scrolls
 c - a scroll of blinking
 f - 2 scrolls of fog
 h - a scroll of amnesia


   Skills:
 - Level 3.0 Fighting
 * Level 7.0 Long Blades
 + Level 4.8 Armour
 - Level 0.7 Dodging


You had 2 spell levels left.
You knew the following spells:

 Your Spells              Type           Power        Failure   Level  Hunger
a - Shock                 Conj/Air       #...         91%         1    N/A
b - Repel Missiles        Chrm/Air       #.....       98%         2    N/A
c - Swiftness             Chrm/Air       #.......     98%         2    N/A


You were on level 6 of the Dungeon.
You worshipped Xom.
You were a plaything of Xom.
You were not hungry.

You visited 1 branch of the dungeon, and saw 6 of its levels.

You collected 241 gold pieces.

###..# #.## ##8# ##..#
#..# ## ###...###..## ...
............#....
...##........... ...
...##.......#####
#####....
#####.###.##....#
....#.... #.#...##....##
##..$.....
#...####!.g.@###
#.....g...
#...###§..g..).###....%K.
#.†..§§§....##......$.#
##.#..###....# ###...>.#
#%.##.# ###### #Y....#
....[###.# ##p#..##
..g### #.# #..#.!# ..#
#.### #.##### .. #....#
#.#

Notes
Turn   | Place    | Note
--------------------------------------------------------------
     0 | D:1      | ololoev the Mummy Chaos Knight began the quest for the Orb.
     0 | D:1      | Reached XP level 1. HP: 18/18 MP: 1/1
     6 | D:1      | Noticed a redback
     7 | D:1      | Noticed a hound
     7 | D:1      | Noticed a salamander
   149 | D:1      | XOM: divination: detect items
   208 | D:1      | Reached XP level 2. HP: 24/24 MP: 2/2
   486 | D:1      | XOM: harmless Tloc miscast
   559 | D:1      | Reached XP level 3. HP: 13/29 MP: 3/3
   620 | D:1      | XOM: scenery: 1 doors open
  1074 | D:2      | Found a radiant altar of Vehumet.
  1601 | D:2      | XOM: divination: detect items
  1706 | D:2      | Reached XP level 4. HP: 27/35 MP: 4/4
  1879 | D:2      | XOM: harmless Divn miscast
  1941 | D:2      | XOM: mild Divn miscast
  2025 | D:2      | XOM: vitrification
  2159 | D:3      | XOM: vitrification
  2320 | D:3      | Reached skill level 4 in Long Blades
  2403 | D:3      | Noticed Terence
  2406 | D:3      | XOM: summons friendly iron imp
  2416 | D:3      | Killed Terence
  2416 | D:3      | Reached XP level 5. HP: 41/41 MP: 5/5
  2738 | D:3      | XOM: god gift: robe {god gift}
  2899 | D:3      | XOM: summons 3 friendly demons
  3088 | D:3      | XOM: stat loss: -1 Int (10/11)
  3106 | D:3      | XOM: butterfly on damage
  3256 | D:3      | Reached XP level 6. HP: 47/47 MP: 6/6
  3501 | D:4      | Found a blossoming altar of Fedhas.
  3514 | D:4      | Noticed an oklob plant
  3515 | D:4      | XOM: summons 6 friendly demons
  3732 | D:4      | Noticed Robin
  3733 | D:4      | Reached skill level 5 in Long Blades
  3768 | D:4      | Killed Robin
  3833 | D:4      | Noticed Menkaure
  3842 | D:4      | Killed Menkaure
  3902 | D:4      | XOM: mild Ice miscast
  3941 | D:4      | XOM: summons 3 hostile demons
  4101 | D:4      | XOM: mild Tloc miscast
  4134 | D:4      | XOM: medium Erth miscast
  4421 | D:4      | Learned a level 1 spell: Shock
  4424 | D:4      | Learned a level 2 spell: Repel Missiles
  4427 | D:4      | Learned a level 2 spell: Swiftness
  4464 | D:4      | XOM: summons 5 hostile shadow creatures
  4940 | D:4      | Reached XP level 7. HP: 44/52 MP: 7/7
  5011 | D:4      | XOM: butterfly on damage
  5112 | D:4      | Noticed Sigmund
  5122 | D:4      | XOM: summons 3 hostile demons
  5126 | D:4      | XOM: chaos upgrade
  5467 | D:5      | Entered Level 5 of the Dungeon
  5581 | D:5      | Reached skill level 6 in Long Blades
  5713 | D:5      | Found a sparkling altar of Nemelex Xobeh.
  6057 | D:5      | XOM: colour smoke trail
  6068 | D:5      | XOM: noise
  6425 | D:5      | XOM: butterfly on damage
  6425 | D:5      | XOM: smoke on damage
  6674 | D:5      | Found a shadowy altar of Dithmenos.
  6799 | D:6      | Reached XP level 8. HP: 55/58 MP: 8/8
  6827 | D:6      | Noticed Pikel
  6830 | D:6      | XOM: summons 5 friendly demons
  6926 | D:6      | Upgraded the game from 0.17-a0-1337-ge651487 to 0.17-a0-1360-g37db002
  6980 | D:6      | Reached skill level 7 in Long Blades
  6996 | D:6      | HP: 2/58 [gnoll (2)]
  6997 | D:6      | XOM: smoke on damage
  7003 | D:6      | XOM: confusion
  7007 | D:6      | Slain by a gnoll

Dungeon Overview and Level Annotations

Branches:
Dungeon (6/15)
 Temple: D:4-7

Altars:
Dithmenos
Fedhas
Nemelex Xobeh
Vehumet

Annotations:
D:4 exclusion: oklob plant, Sigmund
D:6 Pikel


Message History

The gnoll is severely wounded.
The gnoll misses you.
You hit the gnoll.
The gnoll is severely wounded.
The gnoll hits you. The gnoll closely misses you.
You closely miss the gnoll.
The gnoll is severely wounded.
The gnoll hits you but does no damage. x2
You hit the gnoll but do no damage.
The gnoll is severely wounded.
The gnoll hits you.
Xom is interested.
The gnoll hits you but does no damage.
You slash the gnoll!
You kill the gnoll!
The gnoll hits you but does no damage.
You closely miss the gnoll.
The gnoll hits you from afar with a spear.
The gnoll hits you.
Xom is mildly amused.
You slash the gnoll!
You kill the gnoll!
The gnoll hits you but does no damage.
The gnoll hits you from afar with a spear.
You emit a cloud of colourful smoke!
You can't drink.
Read which item? (? for menu, Esc to quit)
Okay, then.
You aren't carrying any items that can be evoked.
Read which item? (? for menu, Esc to quit)
Okay, then.
Xom titters.
You are confused.
The gnoll hits you but does no damage.
You hit the gnoll but do no damage. The gnoll hits you but does no damage.
The gnoll closely misses you.
You barely miss the gnoll. The gnoll hits you but does no damage.
The gnoll barely misses you.
The gnoll hits you from afar with a spear.
You die...

You could see 2 gnolls.

Vanquished Creatures
  Menkaure (D:4)
  An ice beast (D:5)
  2 ogres
  A giant frog (D:6)
  A centaur skeleton (D:5)
  2 orc priests (D:4)
  5 hounds
  4 orc wizards
  2 worker ants
  Robin (D:4)
  9 adders
  3 gnolls
  2 oozes
  An adder skeleton (D:4)
  2 worms (D:3)
  7 giant geckos
  17 orcs
  15 goblins
  14 hobgoblins
  3 jackals (D:1)
  10 kobolds
  5 bats
  10 giant cockroaches
  A giant gecko zombie (D:5)
  3 giant newts
  A jackal skeleton (D:5)
  2 quokkas
  A quokka zombie (D:5)
  7 rats
133 creatures vanquished.

Vanquished Creatures (collateral kills)
  Terence (D:3)
  An orc (D:3)
2 creatures vanquished.

Grand Total: 135 creatures vanquished

Action                   |  1- 3 |  4- 6 |  7- 9 || total
-------------------------+-------+-------+-------++-------
Melee: Falchion          |   134 |   233 |       ||   367
       Long sword        |       |    21 |   193 ||   214
Throw: Throwing net      |     1 |     1 |       ||     2
  Use: Scroll            |       |     5 |     3 ||     8
 Stab: Paralysed         |     3 |     3 |       ||     6
       Petrifying        |     1 |     1 |       ||     2
       Petrified         |     1 |     1 |       ||     2
       Sleeping          |     1 |     2 |       ||     3
       Held in net/web   |       |     1 |       ||     1
       Confused          |       |     1 |       ||     1

Vault maps used:
D:1:      onia_arrival_zoo_common
D:2:      vehumet_crystals
D:3:      uniq_terence
D:4:      tgw_fedhas, uniq_robin, uniq_sigmund, uniq_menkaure, uniq_grinder
D:5:      lemuel_crystal_altar, first_bread,
          nicolae_dithmenos_through_a_glass_darkly
D:6:      nicolae_overflow_hidden_temple, grunt_gozag_breadcrumbs,
          portal_sewer_entry_d, uniq_edmund, uniq_pikel
